 Dungeon Crawl Stone Soup version 0.18.1-50-g88ac8fd (webtiles) character file.

6223 Ladykiller69 the Basher (level 10, 0/109 (110) HPs)
             Began as an Ogre Gladiator on Oct 21, 2016.
             Was an Elder of Okawaru.
             Slain by varam's ghost (34 damage)
             ... on level 10 of the Dungeon on Oct 22, 2016.
             The game lasted 00:53:21 (9219 turns).

Ladykiller69 the Basher (Ogre Gladiator)            Turns: 9219, Time: 00:53:22

HP:   0/109 (110)   AC:  5    Str: 23    XL:     10   Next: 92%
MP:   8/10          EV: 17    Int:  8    God:    Okawaru [****..]
Gold: 709           SH:  0    Dex: 14    Spells: 0 memorised, 9 levels left

rFire  + . .     SeeInvis .     H - +1 giant spiked club
rCold  . . .     Gourm    .     b - +0 robe
rNeg   . . .     Faith    .     (shield currently unavailable)
rPois  .         Spirit   .     c - +1 hat
rElec  .         Dismiss  .     (no cloak)
rCorr  .         Reflect  .     (gloves unavailable)
SustAt .         Harm     .     (boots unavailable)
MR     +....                    (no amulet)
Stlth  ++........               o - +3 ring of slaying
                                I - ring of the Octopus King {rF+ AC+1 EV+1 Str+1 Int+1 Dex+1}

@: heroism, drained, somewhat resistant to hostile enchantments, unstealthy
A: unfitting armour, tough skin 1
a: Heroism, Renounce Religion


You were on level 10 of the Dungeon.
You worshipped Okawaru.
Okawaru was greatly pleased with you.
You were not hungry.

You visited 3 branches of the dungeon, and saw 12 of its levels.
You also visited: Ossuary.

You collected 709 gold pieces.

Inventory:

Hand Weapons
 H - a +1 giant spiked club (weapon)
 J - a +2 flail of crushing
Missiles
 d - 3 throwing nets (quivered)
 q - 10 tomahawks
 w - 2 large rocks
 Q - 5 tomahawks of returning
 R - 2 tomahawks of dispersal
 T - 8 silver javelins
Armour
 b - a +0 robe (worn)
 c - a +1 hat (worn)
Jewellery
 m - an uncursed ring of protection from fire
 o - a +3 ring of slaying (right hand)
 s - an uncursed ring of wizardry
 u - an uncursed ring of poison resistance
 x - an uncursed ring of flight
 I - a ring of the Octopus King (left hand) {rF+ AC+1 EV+1 Str+1 Int+1 Dex+1}
   (You found it on level 6 of the Dungeon)

   [ring of protection from fire]

   It affects your AC (+1).
   It affects your evasion (+1).
   It affects your strength (+1).
   It affects your intelligence (+1).
   It affects your dexterity (+1).
   It protects you from fire.
 N - an uncursed ring of protection from magic
 S - an uncursed ring of magical power
 V - an uncursed ring of sustain attributes {unknown}
Wands
 v - a wand of hasting (9/9)
 y - a wand of paralysis (13/24)
 z - a wand of flame (34/48)
 O - a wand of slowing (26/48)
 P - a wand of flame (26/48)
Scrolls
 g - 4 scrolls of remove curse
 j - 3 scrolls of amnesia {unknown}
 k - 3 scrolls of noise
 n - 10 scrolls of identify
 t - a scroll of fog
 B - a scroll of teleportation
 G - 2 scrolls of summoning {unknown}
 K - a scroll of vulnerability {unknown}
Potions
 a - a potion of agility {unknown}
 e - a potion of lignification {unknown}
 h - 3 potions of berserk rage {unknown}
 i - 6 potions of curing {unknown}
 l - a potion of heal wounds {unknown}
 p - a potion of mutation {unknown}
 r - 2 potions of haste {unknown}
 A - 2 potions of magic {unknown}
 C - a potion of experience {unknown}
 D - 5 potions of degeneration {unknown}
 F - a potion of invisibility {unknown}
Comestibles
 f - 5 bread rations
 E - 7 meat rations
 L - a slice of pizza
 M - 10 royal jellies


   Skills:
 + Level 9.9(14.1) Fighting
 * Level 13.4(17.5) Maces & Flails
 + Level 7.4(11.6) Throwing
 + Level 7.1(11.4) Dodging


You had 9 spell levels left.
You didn't know any spells.

Dungeon Overview and Level Annotations

Branches:
Dungeon (10/15)            Temple (1/1) D:5            Lair (0/8) D:9
    Orc (1/2) D:9

Altars:
Ashenzari
Dithmenos
Gozag
Makhleb
Nemelex Xobeh
Okawaru
Qazlal
Ru
Sif Muna
Trog
Vehumet
Xom
Yredelemnul
Zin

Shops:
D:7 ?

Annotations:
D:5 Sigmund
D:10 varam's ghost, journeyman TrMo


Innate Abilities, Weirdness & Mutations

You are too large for most types of armour.
You have tough skin (AC +1).


Message History

There is a stone staircase leading down here.
You climb downwards.
Level annotation: varam's ghost, journeyman TrMo Varam's ghost barely misses you.
Varam's ghost closely misses you.
There is a stone staircase leading up here.
You gain the combat prowess of a mighty hero.
You feel slightly more hungry. Varam's ghost completely misses you.
You hit varam's ghost but do no damage. Varam's ghost misses you.
You miss varam's ghost. Varam's ghost hits you.
You bludgeon varam's ghost!!
Varam's ghost is moderately damaged.
The phantom blinks!
Varam's ghost hits you!
You impale varam's ghost!!
Varam's ghost is heavily damaged.
Varam's ghost wails, "I have seen your future, and it is all used up."
Varam's ghost hits you!
You hit varam's ghost.
Varam's ghost is heavily damaged.
Varam's ghost hits you!!
You die...

###########
##.....#.....##
##............>##
#...............#
#...............#
#..........>....#
#...........=...#
#####..........@W...#
#..........W.......##
#...........#.....##
#.........###.#.###
#.........# #.#..#
#.........###..#.#
#.........W....#.#
#..............#.#
#..................


You could see a phantom and varam's ghost.

Vanquished Creatures
  Gastronok (D:8)
  6 yaks (D:9)
  A hungry ghost (D:10)
  Edmund (D:5)
  The ghost of kurovuster the Covert, an amateur SpAs (D:3)
  2 ice beasts (D:9)
  2 sky beasts
  An eye of draining (D:8)
  4 orc warriors
  A necrophage (D:7)
  3 ogres
  2 centaurs
  A big kobold (D:7)
  4 giant frogs
  A wyvern zombie (D:8)
  6 scorpions
  A water moccasin skeleton (D:9)
  5 killer bees
  A centaur skeleton (D:8)
  A giant frog zombie (D:5)
  3 hounds
  3 jellies (D:8)
  A gnoll shaman (D:9)
  An orc priest (D:9)
  2 orc wizards
  4 iguanas
  7 worker ants
  A big kobold zombie (Ossuary)
  8 mummies (Ossuary)
  3 worker ant zombies (D:3)
  4 gnolls (D:9)
  A river rat (D:3)
  11 adders
  A shadow imp (D:9)
  7 oozes
  2 worms (D:4)
  2 dart slugs
  6 giant geckos
  36 orcs
  6 bats
  10 giant cockroaches
  A gnoll zombie (Ossuary)
  13 goblins
  10 hobgoblins
  15 jackals
  12 kobolds
  3 quokkas
  2 ball pythons
  A ball python skeleton (D:3)
  A giant cockroach zombie (D:3)
  3 giant newts
  A hobgoblin zombie (Ossuary)
  2 kobold zombies (Ossuary)
  3 orc zombies (Ossuary)
  2 quokka skeletons
  6 rats
239 creatures vanquished.

Vanquished Creatures (others)
  An orc (Orc:1)
1 creature vanquished.

Grand Total: 240 creatures vanquished

Notes
Turn   | Place    | Note
--------------------------------------------------------------
     0 | D:1      | Ladykiller69 the Ogre Gladiator began the quest for the Orb.
     0 | D:1      | Reached XP level 1. HP: 22/22 MP: 1/1
   134 | D:1      | Reached XP level 2. HP: 27/29 MP: 2/2
   661 | D:1      | Reached XP level 3. HP: 34/37 MP: 3/3
  1079 | D:2      | Reached skill level 5 in Maces & Flails
  1131 | D:2      | Found an opulent altar of Gozag.
  1248 | D:2      | Reached XP level 4. HP: 41/45 MP: 4/4
  1403 | D:2      | Found a shimmering altar of Xom.
  1408 | D:2      | Found a shadowy altar of Dithmenos.
  1411 | D:2      | Found a basalt altar of Yredelemnul.
  1522 | D:3      | Noticed kurovuster's ghost (amateur SpAs)
  2089 | D:3      | HP: 2/48 [orc/flail (3)]
  2403 | D:3      | Killed kurovuster's ghost
  2403 | D:3      | Reached skill level 6 in Maces & Flails
  2403 | D:3      | Reached XP level 5. HP: 30/54 MP: 5/5
  2589 | D:3      | Reached XP level 6. HP: 47/62 MP: 6/6
  3752 | D:4      | Reached skill level 7 in Maces & Flails
  4110 | D:5      | Entered Level 5 of the Dungeon
  4134 | D:5      | Reached XP level 7. HP: 52/71 MP: 7/7
  4315 | D:5      | Found a radiant altar of Vehumet.
  4412 | D:5      | Noticed Sigmund
  4416 | D:5      | Noticed Edmund
  4657 | D:5      | Reached skill level 5 in Fighting
  4733 | D:5      | Found a staircase to the Ecumenical Temple.
  4811 | D:4      | Reached skill level 8 in Maces & Flails
  5078 | D:5      | Killed Edmund
  5078 | D:5      | Reached XP level 8. HP: 70/81 MP: 8/8
  5166 | Temple   | Entered the Ecumenical Temple
  5177 | Temple   | Became a worshipper of Warmaster Okawaru
  5608 | D:6      | Found a sand-covered staircase.
  5617 | Ossuary  | Entered an ossuary
  5721 | Ossuary  | Reached skill level 9 in Maces & Flails
  5733 | Ossuary  | Reached skill level 5 in Dodging
  5968 | D:6      | Got a ring of the Octopus King
  5972 | D:6      | Identified a ring of the Octopus King {rF+ AC+1 EV+1 Str+1 Int+1 Dex+1} (You found it on level 6 of the Dungeon)
  6532 | D:7      | Found Fadig's Magic Scroll Emporium.
  6568 | D:7      | Reached skill level 5 in Throwing
  6624 | D:7      | Reached * piety under Okawaru
  6760 | D:7      | Found a shattered altar of Ashenzari.
  6799 | D:7      | Reached XP level 9. HP: 63/91 MP: 9/9
  6998 | D:8      | Reached skill level 10 in Maces & Flails
  7185 | D:8      | Noticed Gastronok
  7202 | D:8      | Killed Gastronok
  7202 | D:8      | Reached ** piety under Okawaru
  7202 | D:8      | Reached *** piety under Okawaru
  7202 | D:8      | Reached skill level 12 in Maces & Flails
  7202 | D:8      | Reached XP level 10. HP: 19/105 MP: 8/10
  7462 | D:8      | Found a bloodstained altar of Trog.
  7617 | D:8      | Received a gift from Okawaru
  8149 | D:10     | Entered Level 10 of the Dungeon
  8380 | D:10     | Noticed varam's ghost (journeyman TrMo)
  8448 | D:9      | Received a gift from Okawaru
  8463 | D:9      | Reached **** piety under Okawaru
  8471 | D:9      | Reached skill level 13 in Maces & Flails
  8757 | D:9      | Found a staircase to the Lair.
  8919 | D:9      | Received a gift from Okawaru
  9004 | D:9      | Found a staircase to the Orcish Mines.
  9089 | Orc:1    | Entered Level 1 of the Orcish Mines
  9090 | Orc:1    | Noticed an orc sorcerer
  9098 | Orc:1    | Noticed an orange demon
  9219 | D:10     | Slain by varam's ghost

Skill      XL: |  1  2  3  4  5  6  7  8  9 10 |
---------------+-------------------------------+-----
Fighting       | 3 4 5 6 8 9 |  9.9
Dodging        | 3 4 5 6 7 |  7.1
Maces & Flails | 5 6 7 8 9 12 13 | 13.4
Throwing       | 3 4 5 6 7 |  7.4

Action                   |  1- 3 |  4- 6 |  7- 9 | 10-12 || total
-------------------------+-------+-------+-------+-------++-------
Melee: Flail             |   119 |   218 |    14 |       ||   351
       Giant spiked club |       |       |   179 |   170 ||   349
Throw: Throwing net      |       |       |     5 |       ||     5
       Tomahawk          |       |       |     1 |       ||     1
Invok: Heroism           |       |       |     2 |     3 ||     5
  Use: Scroll            |       |       |    10 |     3 ||    13
 Stab: Sleeping          |     2 |       |     1 |     1 ||     4
  Eat: Chunk             |     1 |    10 |    10 |     5 ||    26
       Beef jerky        |       |       |       |     1 ||     1
Armor: Robe              |    24 |    46 |    36 |    35 ||   141
Dodge: Dodged            |    50 |   120 |   149 |   141 ||   460
